 Dungeon Crawl Stone Soup version 0.18.1-48-g4cf74bf (webtiles) character file.

39076 lorenzova the Unseen (level 13, -2/55 HPs)
             Began as a Spriggan Enchanter on July 21, 2016.
             Was a High Priest of Dithmenos.
             Slain by a very large slime creature (57 damage)
             ... on level 13 of the Dungeon.
             The game lasted 01:09:33 (24185 turns).

lorenzova the Unseen (Spriggan Enchanter)          Turns: 24185, Time: 01:09:34

Health: -2/55      AC:  5    Str: 11    XL:     13   Next: 67%
Magic:  33/39      EV: 31    Int: 16    God:    Dithmenos [*****.]
Gold:   1032       SH:  6    Dex: 20    Spells: 6 memorised, 19 levels left

rFire  . . .     SeeInvis +     E - +3 dagger
rCold  . . .     Gourm    .     b - +2 robe {MR+}
rNeg   . . .     Faith    .     k - +0 buckler of Lies {Regen+ MP+9}
rPois  .         Spirit   .     v - +0 hat
rElec  .         Dismiss  .     L - +0 cloak
rCorr  .         Reflect  .     (gloves unavailable)
SustAt .         Harm     .     (boots unavailable)
MR     +++..                    B - amulet of regeneration
Stlth  ++++++++++               l - +5 ring of strength
                                A - +1 ring of evasion

@: wreathed by umbra, repel missiles, very quick, extremely resistant to hostile
enchantments, uncannily stealthy
A: unfitting armour, see invisible, herbivore 3, speed 3, slow metabolism 2
a: Shadow Step, Shadow Form, Renounce Religion


You were on level 13 of the Dungeon.
You worshipped Dithmenos.
Dithmenos was extremely pleased with you.
You were not hungry.

You visited 4 branches of the dungeon, and saw 20 of its levels.
You also visited: Ice Cave and Volcano.

You collected 1957 gold pieces.
You spent 925 gold pieces at shops.

Inventory:

Hand Weapons
 E - a +3 dagger (weapon)
 N - a +1 dagger of venom
Armour
 b - a +2 robe of magic resistance (worn)
 k - the +0 buckler of Lies (worn) {Regen+ MP+9}
   (You acquired it on level 1 of the Lair of Beasts)

   It affects your magic capacity (+9).
   It increases your rate of regeneration.
 s - a +2 robe of fire resistance
 v - a +0 hat (worn)
 L - a +0 cloak (worn)
Jewellery
 l - a +5 ring of strength (right hand)
 A - a +1 ring of evasion (left hand)
 B - an amulet of regeneration (around neck)
 I - an uncursed ring of sustain attributes
Wands
 c - a wand of slowing (19/48)
 f - a wand of enslavement (12/24)
 n - a wand of confusion (28/48)
 G - a wand of acid (7/15)
Scrolls
 m - 9 scrolls of teleportation
 o - 7 scrolls of amnesia
 r - 2 scrolls of blinking
 u - 2 scrolls of remove curse
 x - 6 scrolls of recharging
 y - a scroll of enchant weapon
 D - a scroll of identify
 J - 3 scrolls of fear
 O - a scroll of fog
Potions
 a - a potion of brilliance
 e - 3 potions of berserk rage
 g - 6 potions of flight
 h - 7 potions of curing
 i - a potion of heal wounds
 j - 3 potions of resistance
 p - 3 potions of cancellation
 q - a potion of invisibility
 t - 3 potions of agility
 w - a potion of ambrosia
 z - 2 potions of haste
 C - 2 potions of lignification
 H - a potion of mutation
Comestibles
 d - 9 bread rations


   Skills:
 - Level 11.0 Short Blades
 - Level 13.0 Dodging
 + Level 16.5 Stealth
 * Level 12.7 Spellcasting
 * Level 14.2 Hexes
 * Level 3.4 Poison Magic


You had 19 spell levels left.
You knew the following spells:

 Your Spells              Type           Power        Failure   Level  Hunger
b - Ensorcelled Hibernat  Hex/Ice        ####..       1%          2    None
c - Confuse               Hex            ######..     1%          3    None
d - Mephitic Cloud        Conj/Pois/Air  ##......     24%         3    None
i - Invisibility          Hex            ######..     8%          6    ######.
r - Repel Missiles        Chrm/Air       ##....       21%         2    None
s - Slow                  Hex            ######..     1%          2    None


Dungeon Overview and Level Annotations

Branches:
Dungeon (13/15)            Temple (1/1) D:5            Lair (4/8) D:8
 Shoals (0/4) Lair:4       Spider (0/4) Lair:3          Orc (2/2) D:11
    Elf: Orc:2       Vaults: D:13-14

Altars:
Ashenzari
Cheibriados
Dithmenos
Elyvilon
Fedhas
Gozag
Kikubaaqudgha
Makhleb
Nemelex Xobeh
Okawaru
Pakellas
Qazlal
Ru
Sif Muna
Trog
Vehumet
Xom
Yredelemnul
Zin
The Shining One
Beogh

Shops:
D:10 :   D:11 [(   Orc:1 *

Portals:
Trove: D:11 (give potion of experience)


Innate Abilities, Weirdness & Mutations

You are tiny and cannot use many weapons and most armour.
You have supernaturally acute eyesight.
You are a herbivore.
You cover ground extremely quickly.
You need consume almost no food.


Message History

You kill the slime creature!
Dithmenos accepts your kill.
Two slime creatures merge to form a very large slime creature.
Casting: Confuse
Confirm with . or Enter, or press ? or * to list all spells.
Aiming: Confuse
Press: ? - help, Shift-Dir - straight line, f - very large slime creature
Aim: a very large slime creature (umbra, chance to defeat MR: 57%)
The very large slime creature resists with significant effort.
Casting: Confuse
Confirm with . or Enter, or press ? or * to list all spells.
Aiming: Confuse
Press: ? - help, Shift-Dir - straight line, f/p - very large slime creature
Aim: a very large slime creature (umbra, chance to defeat MR: 57%)
The very large slime creature resists with significant effort.
Your shadow mimicks your spell!
The very large slime creature appears confused.
The very large slime creature hits you!!!
Ouch! That really hurt!
You die...

#....#.######.#
#....#.# #.##.#
.....#.# #.##.#
#....#.######.##J#
#....#......#.##.#
#....#####.##.##.#
#.............##.#
#....#####.#####J#
#......# #.# #@#
#......# #.#####.#
#..._..# #.#.....#
#......# #.#.#####.#
#......###.#........
#...........########
#..................
#...........#######
.............


You could see a very large slime creature (confused) and a slime creature
(sleeping).

Vanquished Creatures
  Gastronok (D:9)
  Erolcha (D:10)
  The ghost of TBriggs11TB the Protected, a journeyman DsBe of Trog (D:10)
  4 hydras
  Sonja (Lair:1)
  A lindwurm (Volcano)
  An orc knight (Orc:1)
  A hill giant (D:11)
  Pikel (D:7)
  An oklob plant (Lair:2)
  An orc sorcerer (Orc:2)
  A necromancer (IceCv)
  A deep elf mage (D:12)
  A cyclops (Orc:2)
  A griffon (Lair:4)
  2 manticores
  Joseph (D:10)
  A molten gargoyle (Volcano)
  Psyche (D:10)
  3 spiny frogs
  3 black mambas
  A gargoyle (Volcano)
  4 komodo dragons
  8 ice devils (IceCv)
  A guardian mummy (D:11)
  6 trolls
  18 blink frogs
  2 slime creatures (D:13)
  A vampire (D:12)
  9 yaks
  A wyvern (D:9)
  8 hippogriffs
  A human (D:7)
  9 fire bats (Volcano)
  Grum (D:8)
  2 basilisks
  3 hungry ghosts
  2 wargs (Orc:1)
  Duvessa (D:6)
  8 water moccasins
  4 porcupines
  10 orc warriors
  2 hell hounds (Volcano)
  12 ice beasts
  4 slaves (D:7)
  An eye of draining (D:10)
  4 sky beasts
  5 ogres
  15 wolves
  A phantom (D:9)
  5 centaurs
  6 crocodiles
  2 big kobolds
  13 giant frogs
  2 wyvern zombies (D:12)
  A water moccasin zombie (D:6)
  2 scorpions
  Dowan (D:6)
  8 killer bees
  2 wights
  4 howler monkeys (D:7)
  2 electric eels
  9 crimson imps
  2 quasits
  4 jellies
  9 hounds
  9 orc priests
  11 orc wizards
  2 centaur skeletons
  A giant frog skeleton (D:8)
  A gnoll shaman (D:9)
  11 iguanas
  4 troll simulacra (IceCv)
  10 worker ants
  A spriggan simulacrum (IceCv)
  7 sheep
  2 centaur simulacra (IceCv)
  A hound zombie (D:6)
  4 hound skeletons
  A worker ant zombie (D:8)
  Robin (D:3)
  14 gnolls
  A howler monkey skeleton (D:10)
  38 river rats
  13 adders
  3 naga simulacra (IceCv)
  2 adder skeletons
  A worm (D:3)
  2 dart slugs (D:1)
  6 giant geckos
  79 orcs
  4 ball pythons
  7 bats
  4 giant cockroaches
  17 goblins
  9 hobgoblins
  11 jackals
  6 quokkas
  A giant gecko skeleton (D:7)
  3 giant newts
  24 kobolds
  7 rats
563 creatures vanquished.

Vanquished Creatures (others)
  A plant (Lair:1)
1 creature vanquished.

Grand Total: 564 creatures vanquished

Notes
Turn   | Place    | Note
--------------------------------------------------------------
     0 | D:1      | lorenzova the Spriggan Enchanter began the quest for the Orb.
     0 | D:1      | Reached XP level 1. HP: 9/9 MP: 5/5
   516 | D:1      | Reached XP level 2. HP: 12/13 MP: 7/7
   520 | D:1      | Learned a level 2 spell: Ensorcelled Hibernation
  1303 | D:1      | Reached XP level 3. HP: 16/16 MP: 5/8
  1508 | D:2      | Learned a level 3 spell: Confuse
  1645 | D:2      | Found a radiant altar of Vehumet.
  1695 | D:2      | Found a stormy altar of Qazlal.
  2344 | D:2      | Found a glowing golden altar of the Shining One.
  2565 | D:3      | Reached skill level 5 in Stealth
  2754 | D:3      | Reached XP level 4. HP: 21/21 MP: 7/10
  2812 | D:3      | Reached skill level 5 in Hexes
  3429 | D:3      | Noticed Robin
  3557 | D:3      | Reached XP level 5. HP: 24/24 MP: 8/12
  3917 | D:3      | Found an oddly glowing altar of Pakellas.
  3918 | D:3      | Found a sparkling altar of Nemelex Xobeh.
  3986 | D:3      | Killed Robin
  3986 | D:3      | Reached skill level 5 in Spellcasting
  4211 | D:3      | Found a blossoming altar of Fedhas.
  4510 | D:4      | Reached skill level 6 in Stealth
  4510 | D:4      | Reached XP level 6. HP: 28/28 MP: 8/14
  5344 | D:4      | Reached XP level 7. HP: 22/32 MP: 9/16
  5869 | D:4      | Found a deep blue altar of Sif Muna.
  5907 | D:5      | Entered Level 5 of the Dungeon
  5958 | D:5      | Reached skill level 7 in Stealth
  6473 | D:5      | Found a staircase to the Ecumenical Temple.
  6485 | Temple   | Entered the Ecumenical Temple
  6831 | D:6      | Noticed Dowan
  6835 | D:6      | Noticed Duvessa
  6841 | D:6      | Killed Dowan
  6887 | D:6      | Killed Duvessa
  7053 | D:6      | Found a shadowy altar of Dithmenos.
  7081 | D:6      | Reached XP level 8. HP: 34/36 MP: 14/19
  7105 | D:6      | Reached skill level 8 in Stealth
  7223 | D:6      | HP: 1/36 [orc priest/divine providence (15)]
  7651 | D:6      | Became a worshipper of Dithmenos the Shadowed
  8282 | D:6      | Found a white marble altar of Elyvilon.
  8577 | D:6      | Found a bloodstained altar of Trog.
  8674 | D:6      | Reached skill level 9 in Stealth
  9011 | D:6      | Found a blossoming altar of Fedhas.
  9358 | D:7      | Reached XP level 9. HP: 32/39 MP: 11/23
  9453 | D:7      | Found a burning altar of Makhleb.
  9514 | D:7      | Noticed Pikel
  9632 | D:7      | Reached * piety under Dithmenos
 10176 | D:7      | Reached skill level 10 in Stealth
 10548 | D:7      | Reached skill level 5 in Dodging
 10572 | D:7      | Reached skill level 5 in Short Blades
 10756 | D:7      | Killed Pikel
 10947 | D:7      | Reached skill level 11 in Stealth
 11550 | D:8      | Reached ** piety under Dithmenos
 11588 | D:8      | Found a staircase to the Lair.
 11664 | D:8      | Reached XP level 10. HP: 44/44 MP: 24/24
 11698 | D:8      | Noticed Grum
 11950 | D:8      | Killed Grum
 12158 | D:8      | Found a basalt altar of Yredelemnul.
 12253 | D:9      | Noticed Gastronok
 12266 | D:9      | Killed Gastronok
 12266 | D:9      | Reached skill level 12 in Stealth
 12304 | D:9      | Found a roughly hewn altar of Beogh.
 12596 | D:9      | Reached *** piety under Dithmenos
 12814 | D:9      | Found a sacrificial altar of Ru.
 13223 | D:9      | Reached XP level 11. HP: 47/47 MP: 21/25
 13474 | D:10     | Entered Level 10 of the Dungeon
 13576 | D:10     | Noticed Erolcha
 13580 | D:10     | Noticed TBriggs11TB's ghost (journeyman DsBe)
 13626 | D:10     | Killed TBriggs11TB's ghost
 13626 | D:10     | Reached skill level 10 in Short Blades
 13626 | D:10     | Reached skill level 13 in Stealth
 13759 | D:10     | Killed Erolcha
 13832 | D:10     | Noticed Psyche
 13839 | D:10     | Killed Psyche
 14196 | D:10     | Found Elidd's Book Shoppe.
 14206 | D:10     | Reached skill level 10 in Dodging
 14273 | D:10     | Noticed Joseph
 14280 | D:10     | Killed Joseph
 14685 | D:11     | Found Mucufoqa's Weapon Shop.
 14687 | D:11     | Found a staircase to the Orcish Mines.
 14689 | D:11     | Found Ycuff's Armour Shop.
 14750 | D:11     | Noticed a hill giant
 14759 | D:11     | Killed a hill giant
 14878 | D:11     | Found a portal to a secret trove of treasure.
 15314 | Lair:1   | Entered Level 1 of the Lair of Beasts
 15479 | Lair:1   | Reached **** piety under Dithmenos
 15507 | Lair:1   | Found a dark tunnel.
 15520 | Volcano  | Entered a volcano
 15728 | Volcano  | Found a radiant altar of Vehumet.
 15728 | Volcano  | Noticed a lindwurm
 15730 | Volcano  | Killed a lindwurm
 15730 | Volcano  | Reached skill level 10 in Hexes
 15741 | Volcano  | Reached skill level 14 in Stealth
 16395 | Lair:1   | Reached XP level 12. HP: 51/51 MP: 21/26
 16553 | Lair:1   | Noticed Sonja
 16577 | Lair:1   | Killed Sonja
 17248 | Lair:1   | Identified a scroll of acquirement
 17251 | Lair:1   | Got a polished buckler
 17260 | Lair:1   | Identified the +0 buckler of Lies {Regen+ MP+9} (You acquired it on level 1 of the Lair of Beasts)
 17378 | D:10     | Bought a book of Minor Magic for 220 gold pieces
 17378 | D:10     | Bought the Handbook of Ensnaring Toxins for 660 gold pieces
 17384 | D:10     | Learned a level 3 spell: Mephitic Cloud
 17387 | D:10     | Learned a level 2 spell: Repel Missiles
 17394 | D:10     | Learned a level 6 spell: Invisibility
 17397 | D:10     | Learned a level 2 spell: Slow
 18005 | Lair:2   | Reached skill level 10 in Spellcasting
 18063 | Lair:2   | Reached skill level 15 in Stealth
 18156 | Lair:2   | Noticed a six-headed hydra
 18177 | Lair:2   | Killed a six-headed hydra
 18816 | Lair:3   | Reached ***** piety under Dithmenos
 18852 | Lair:3   | Found a frozen archway.
 18909 | IceCv    | Entered an ice cave
 21104 | Lair:3   | Found a hole to the Spider Nest.
 21291 | Lair:3   | Reached XP level 13. HP: 55/55 MP: 29/29
 21406 | Lair:4   | Found a staircase to the Shoals.
 21656 | Lair:4   | Reached skill level 16 in Stealth
 22578 | Orc:1    | Entered Level 1 of the Orcish Mines
 22665 | Orc:1    | Found Sufav's Assorted Antiques.
 22684 | Orc:1    | Bought a glowing robe for 18 gold pieces
 22684 | Orc:1    | Bought a scroll labeled EMPYUXOGHE for 27 gold pieces
 22737 | Orc:1    | Reached skill level 1 in Poison Magic
 22993 | Orc:2    | Entered Level 2 of the Orcish Mines
 23127 | Orc:2    | Noticed an orc warlord
 24119 | D:13     | Found a blossoming altar of Fedhas.
 24185 | D:13     | Slain by a very large slime creature

Skill      XL: |  1  2  3  4  5  6  7  8  9 10 11 12 13 |
---------------+----------------------------------------+-----
Spellcasting   | 3 4 5 7 9 11 12 | 12.7
Hexes          | 4 5 6 8 9 11 13 14 | 14.2
Stealth        | 5 6 7 9 11 12 14 15 16 | 16.5
Short Blades   | 6 9 11 | 11.0
Dodging        | 6 9 11 12 13 | 13.0
Poison Magic   | 3 |  3.4

Action                   |  1- 3 |  4- 6 |  7- 9 | 10-12 | 13-15 || total
-------------------------+-------+-------+-------+-------+-------++-------
Melee: Dagger            |   147 |   199 |    38 |   925 |   240 ||  1549
       Short sword       |    17 |       |   453 |    81 |       ||   551
 Cast: Corona            |     5 |       |       |       |       ||     5
       Ensorcelled Hiber |    21 |    55 |    59 |    81 |    55 ||   271
       Confuse           |       |     6 |    75 |   149 |    21 ||   251
       Repel Missiles    |       |       |       |     1 |       ||     1
Invok: Shadow Step       |       |       |       |     1 |     1 ||     2
Evoke: Wand              |       |       |       |     2 |       ||     2
  Use: Scroll            |     3 |     2 |     5 |    17 |     2 ||    29
       Potion            |       |       |       |     1 |       ||     1
 Stab: Sleeping          |    23 |    45 |    50 |   114 |    66 ||   298
       Distracted        |     2 |     1 |     3 |     2 |     1 ||     9
       Confused          |       |     6 |    41 |    82 |    13 ||   142
  Eat: Bread ration      |       |     1 |     1 |       |     1 ||     3
       Pizza             |       |       |     1 |     7 |       ||     8
Armor: Robe              |    28 |    20 |    17 |    12 |     4 ||    81
Dodge: Dodged            |   126 |   152 |   291 |   665 |   141 ||  1375
Block: Buckler           |       |       |       |    27 |    52 ||    79
